 Dungeon Crawl Stone Soup version 0.31-a0-1242-g57893ffec4 (webtiles) character file.

Game seed: 7968643020336436333

67 Descartes the Digger (level 4, -4/33 HPs)
             Began as a Formicid Earth Elementalist on Dec 16, 2023.
             Slain by a gnoll
             ... wielding a +0 spear
              (6 damage)
             ... on level 2 of the Dungeon.
             The game lasted 00:04:58 (1780 turns).

Descartes the Digger (Formicid Earth Elementalist)  Turns: 1780, Time: 00:04:58

Health: -4/33      AC:  2    Str: 25    XL:     4   Next: 38%
Magic:  5/7        EV: 12    Int: 15    God:
Gold:   89         SH:  0    Dex: 14    Spells: 7/8 levels left

rFire   . . .        o - +7 hand axe of the Telling Queen {freeze, rN+ Str+5}
rCold   . . .        j - orb {*channel}
rNeg    + . .        a - +0 robe
rPois   +            (helmet unavailable)
rElec   .            d - scarf {shadows}
rCorr   .            (no gloves)
SInv    +            (no boots)
Will    .....        (no amulet)
Stlth   ++           g - ring of poison resistance
HPRegen 0.25/turn    l - +6 ring of strength
MPRegen 0.10/turn

%: channel magic (20%)
@: no status effects
A: permanent stasis, dig shafts and tunnels, antennae 3, four strong arms
a: Dig, Shaft Self


You were on level 2 of the Dungeon.
You visited 1 branch of the dungeon, and saw 2 of its levels.

You collected 89 gold pieces.

Inventory:

Hand Weapons
 o - the +7 hand axe of the Telling Queen (weapon) {freeze, rN+ Str+5}
   (You found it on level 2 of the Dungeon)

   Str+5:     It affects your strength (+5).
   rN+:       It protects you from negative energy.
Armour
 a - a +0 robe (worn)
 d - a scarf of shadows (worn)
 j - an orb of energy (worn)
Jewellery
 g - a ring of poison resistance (left hand)
 l - a +6 ring of strength (right hand)
Scrolls
 e - a scroll of enchant armour {unknown}
 h - a scroll of poison {unknown}
 k - a scroll of immolation {unknown}
 m - 3 scrolls of identify {unknown}
 n - 2 scrolls of revelation {unknown}
 r - a scroll of vulnerability {unknown}
Potions
 b - 2 potions of magic
 c - a potion of degeneration {unknown}
 f - 2 potions of curing {unknown}
 i - 2 potions of enlightenment {unknown}
 p - a potion of mutation {unknown}
 q - a potion of invisibility {unknown}


   Skills:
 + Level 1.7 Fighting
 + Level 0.6 Axes
 + Level 1.1 Armour
 - Level 1.7 Dodging
 - Level 2.4 Stealth
 + Level 1.5 Shields
 + Level 2.6 Spellcasting
 + Level 0.9 Conjurations
 - Level 1.1 Transmutations
 + Level 4.0 Earth Magic


You had 7 spell levels left.
You knew the following spells:

 Your Spells              Type           Power      Damage    Failure   Level
a - Sandblast             Erth           28%        2d8       13%         1

Your spell library contained the following spells:

 Spells                   Type           Power      Damage    Failure   Level
 Passwall                 Tmut/Erth      7%         N/A       26%         2
 Stone Arrow              Conj/Erth      18%        3d8       43%         3
 Hailstorm                Conj/Ice       3%         3d5       67%         3
 Brom's Barrelling Bould  Conj/Erth      9%         2d3       78%         4
 Petrify                  Tmut/Erth      9%         N/A       78%         4
 Summon Ice Beast         Ice/Summ       1%         N/A       98%         4
 Simulacrum               Ice/Necr       0%         N/A       100%        6


Dungeon Overview and Level Annotations

Branches:
Dungeon (2/15)

Altars:

Shops:
D:2 *


Innate Abilities, Weirdness & Mutations

You cannot be hasted, slowed, berserked, paralysed or teleported.
You can dig through walls and to a lower floor.
You have a pair of large antennae on your head. (SInv)
Your four strong arms can wield two-handed weapons with a shield.


Message History

Confirm with . or Enter, or press ? or * to list all spells.
Aiming: Sandblast (safe; 13% risk of failure)
Press: ? - help, Shift-Dir - straight line, f - ball python
Aim: a ball python (80% to hit)
The blast of sand hits the ball python!
You kill the ball python!
The gnoll hits you from afar with a +0 spear.
The gnoll closely misses you.
Unknown command.
Casting: Sandblast (safe; 13% risk of failure)
Confirm with . or Enter, or press ? or * to list all spells.
Aiming: Sandblast (safe; 13% risk of failure)
Press: ? - help, Shift-Dir - straight line, f - gnoll
Aim: a gnoll, wielding a +0 spear (84% to hit)
The blast of sand hits the gnoll.
The gnoll is lightly wounded.
The gnoll closely misses you.
Casting: Sandblast (safe; 13% risk of failure)
Confirm with . or Enter, or press ? or * to list all spells.
Aiming: Sandblast (safe; 13% risk of failure)
Press: ? - help, Shift-Dir - straight line, f/p - gnoll
Aim: a gnoll, wielding a +0 spear (lightly wounded, 84% to hit)
The blast of sand misses the gnoll. x2; Magical energy flows into your mind!
A kobold comes into view. It is wielding a +0 dagger.
The gnoll barely misses you. x2
The gnoll hits you from afar with a +0 spear.
The gnoll barely misses you. The gnoll attacks as it pursues you!
The gnoll hits you with a +0 whip!
Unknown command.
The gnoll attacks as it pursues you! The gnoll barely misses you.
The gnoll attacks as it pursues you! The gnoll misses you.
The gnoll attacks as it pursues you!
The gnoll hits you from afar with a +0 spear.
* * * LOW HITPOINT WARNING * * *
The gnoll attacks as it pursues you!
The gnoll hits you from afar with a +0 spear!
* * * LOW HITPOINT WARNING * * *
The gnoll attacks as it pursues you!
The gnoll hits you from afar with a +0 spear.
You die...

.#
##...###...###...####...##.#
.#
##.....##...##.....##..#.##.#
.#
#.......#...#.....).##...##..
.#
#.......'...'.......###.#####
.# #.......#...#.......#
#..†... .#
##.....##...##.....##########
.#
###...###..g.##...###........
.#
#.#########.#######...#######
.####.####.## ##@#.# ##### #
......).....# ##.## ##
#####.####..# #.# #.
#.####..#####.# #.
#.............##### #.
######..###.......# ########.
#..# #.#####.# #<.....#. #..#
#.#####.# #.####.#.
#..###.#.#.#.# #.# #.#.


You could see a gnoll.

Vanquished Creatures
  2 adders (D:2)
  A gnoll (D:2)
  A worm (D:2)
  3 ball pythons
  4 bats
  3 endoplasms
  3 giant cockroaches
  6 goblins
  2 hobgoblins
  A quokka (D:2)
  5 frilled lizards
  4 kobolds
  A rat (D:2)
36 creatures vanquished.

Notes
Turn   | Place    | Note
-------+----------+-------------------------------------------
     0 | D:1      | Descartes the Formicid Earth Elementalist began the quest
                  | for the Orb.
     0 | D:1      | Reached XP level 1. HP: 13/13 MP: 3/3
   234 | D:1      | Reached XP level 2. HP: 20/20 MP: 3/5
   868 | D:2      | Identified the +7 hand axe of the Telling Queen {freeze,
                  | rN+ Str+5}
   900 | D:2      | Reached skill level 1 in Shields
  1055 | D:2      | Reached skill level 1 in Fighting
  1098 | D:2      | Reached XP level 3. HP: 26/26 MP: 4/6
  1487 | D:2      | Reached skill level 1 in Armour
  1487 | D:2      | Reached XP level 4. HP: 28/32 MP: 4/7
  1609 | D:2      | Reached skill level 4 in Earth Magic
  1671 | D:2      | Found Ruklymoc's General Store.
  1780 | D:2      | Slain by a gnoll

Illustrated notes

Levels and vault maps discovered:
D:1:      onia_arrival_pentagram, layout_basic
D:2:      kennysheep_six_static_rooms, layout_loops_ring, serial_shops,
          nicolae_shop_competitors_out_of_business, st_stairs_8,
          serial_bayou_pond_b

Skill      XL: |  1  2  3  4 |
---------------+-------------+-----
Shields        | 1 |  1.5
Fighting       | 1 |  1.7
Armour         | 1 |  1.1
Earth Magic    | 4 |  4.0
Axes           | |  0.6
Dodging        | |  1.7
Stealth        | |  2.4
Spellcasting   | |  2.6
Conjurations   | |  0.9
Transmutations | |  1.1

Action                     |  1- 3 |  4- 6 || total
---------------------------+-------+-------++-------
   Cast: Sandblast         |    41 |    11 ||    52
 Armour: Robe              |    12 |    11 ||    23
  Dodge: Dodged            |    14 |    10 ||    24

Table legend: (Time is in decaauts)
 A = Elapsed time spent in this place.
 B = Non-inter-level travel time spent in this place.
 C = Inter-level travel time spent in this place.
 D = Time resting spent in this place.
 E = Time spent auto-exploring this place.
 F = Levels seen in this place.
 G = Mean time per level.
                   A        B        C        D        E       F      G
               +--------+--------+--------+--------+--------+-----+--------+
         Total |   1806 |   1783 |     23 |      0 |   1537 |   2 |  903.0 |
       Dungeon |   1806 |   1783 |     23 |      0 |   1537 |   2 |  903.0 |
               +--------+--------+--------+--------+--------+-----+--------+

Top non-repeatable levels by time:
     D:2: 936 daAuts
     D:1: 870 daAuts
